 Dungeon Crawl Stone Soup version 0.24.0-123-gd5b16e6ec5 (webtiles) character file.

Game seed: 13982825489423553647, levelgen mode: deterministic

992 Delamore the Cleaver (level 8, -3/58 HPs)
             Began as a Formicid Fighter on Jan 5, 2020.
             Was a Follower of Okawaru.
             Killed by divine providence
             ... invoked by an orc priest
              (12 damage)
             ... on level 4 of the Dungeon.
             The game lasted 00:10:36 (3400 turns).

Delamore the Cleaver (Formicid Fighter)             Turns: 3400, Time: 00:10:36

Health: -3/58      AC:  6    Str: 24    XL:     8   Next: 42%
Magic:  8/8        EV:  8    Int:  7    God:    Okawaru [*.....]
Gold:   212        SH:  9    Dex: 10    Spells: 7/7 levels left

rFire    + . .     SeeInvis +   a - +0 war axe
rCold    + . .     Gourm    .   c - +0 shield
rNeg     . . .     Faith    .   q - +0 ring mail
rPois    +         Spirit   .   (helmet unavailable)
rElec    +         Reflect  .   w - +0 cloak
rCorr    +         Harm     .   (no gloves)
MR       .....                  (no boots)
Stlth    ..........             (no amulet)
HPRegen  0.19/turn              (no ring)
MPRegen  0.11/turn              (no ring)

@: lethally poisoned (-3 -> -4), resistant
A: permanent stasis, dig shafts and tunnels, four strong arms, antennae 3
a: Dig, Shaft Self, Heroism, Renounce Religion


You were on level 4 of the Dungeon.
You worshipped Okawaru.
Okawaru was aware of your devotion.
You were hungry.

You visited 2 branches of the dungeon, and saw 6 of its levels.
You also visited: Sewer.

You collected 212 gold pieces.

Inventory:

Hand Weapons
 a - a +0 war axe (weapon)
Armour
 b - a +0 scale mail
 c - a +0 shield (worn)
 q - a +0 ring mail (worn)
 w - a +0 cloak (worn)
Scrolls
 e - 3 scrolls of teleportation
 g - 2 scrolls of remove curse
 j - 2 scrolls of identify
 p - a scroll of amnesia {unknown}
 r - 2 scrolls of fog
 s - 2 scrolls of magic mapping
 t - 2 scrolls of fear
 v - a scroll of enchant weapon {unknown}
Potions
 d - 4 potions of might
 i - a potion of curing
 k - a potion of degeneration
 l - a potion of brilliance {unknown}
 m - a potion of magic
 n - a potion of lignification {unknown}
 o - 2 potions of haste {unknown}
 u - a potion of heal wounds
Comestibles
 f - 5 rations


   Skills:
 - Level 3.2 Fighting
 + Level 9.4 Axes
 - Level 3.2 Armour
 - Level 3.6 Shields


You had 7 spell levels left.
You didn't know any spells.
Your spell library was empty.

Dungeon Overview and Level Annotations

Branches:
Dungeon (5/15)             Temple (1/1) D:5           Sewer (visited)

Altars:
Dithmenos
Fedhas
Gozag
Hepliaklqana
Kikubaaqudgha
Makhleb
Nemelex Xobeh
Okawaru
Qazlal
Sif Muna
Trog
Uskayaw
Vehumet
Wu Jian
Xom
Yredelemnul

Shops:
D:4 }


Innate Abilities, Weirdness & Mutations

You cannot be hasted, slowed, berserked, paralysed or teleported.
You can dig through walls and to a lower floor.
Your four strong arms can wield two-handed weapons with a shield.
You have a pair of large antennae on your head. (SInv)


Message History

You hit the orc. You closely miss the orc. You closely miss the worker ant.
You feel sick. The orc wizard barely misses you. You block the orc's attack.
The orc wizard barely misses you. The worker ant barely misses you.
The orc priest calls upon Beogh to heal the orc wizard.
The orc wizard's wounds heal themselves!
The orc hits you but does no damage.
You slash the orc wizard!
The orc wizard is severely wounded.
You slash the worker ant!
You kill the worker ant!
Okawaru accepts your kill.
You feel your strength returning.
You closely miss the orc. You slash the orc!
You kill the orc!
Okawaru accepts your kill.
The orc wizard hits you with a +0 dagger.
* * * LOW HITPOINT WARNING * * *
The orc priest calls down the wrath of Beogh upon you.
Beogh smites you!
You die...

...##... .... ######### .......
.... #...##..## .....# ...##..
#........# ....##...##..###
#........# .........#.....
#.......######.o......#....
#...)...##..##o.o....?#....
##..##..##..##)@# #...######
###..##..##..##..## #...##...#
.....#............# #...'.....
.....#............# #...#.....
###..##..################'#####'#
.##..##..# ##..###..##...###..#
.....#.... ................#...
.....#..... ................#..(
.....#..... ................#...


You could see an orc priest, an orc wizard and an orc.

Vanquished Creatures
  3 ogres
  2 bullfrogs (Sewer)
  A scorpion (D:5)
  3 howler monkeys (D:4)
  A crimson imp (D:5)
  Natasha (thrice) (D:2)
  An iguana (D:5)
  2 worker ants (D:4)
  A gnoll (D:1)
  10 adders
  6 river rats (Sewer)
  6 worms
  4 dart slugs
  5 leopard geckos (D:5)
  3 orcs
  13 ball pythons
  10 bats
  7 giant cockroaches
  3 goblins
  4 hobgoblins
  3 jackals (D:2)
  5 frilled lizards
  2 kobolds (D:2)
  A leopard gecko skeleton (D:4)
  A leopard gecko zombie (D:5)
  27 rats
127 creatures vanquished.

Notes
Turn   | Place    | Note
-------+----------+-------------------------------------------
     0 | D:1      | Delamore the Formicid Fighter began the quest for the Orb.
     0 | D:1      | Reached XP level 1. HP: 18/18 MP: 1/1
   102 | D:1      | Reached XP level 2. HP: 19/24 MP: 2/2
   131 | D:1      | Reached skill level 3 in Axes
   243 | D:1      | Reached XP level 3. HP: 19/29 MP: 3/3
   636 | D:2      | Noticed Natasha
   650 | D:2      | Killed Natasha
   650 | D:2      | Reached skill level 4 in Axes
   650 | D:2      | Reached XP level 4. HP: 20/35 MP: 4/4
   658 | D:2      | Noticed Natasha
   664 | D:2      | Killed Natasha
   681 | D:2      | Noticed Natasha
   868 | D:2      | Killed Natasha
   868 | D:2      | Reached skill level 5 in Axes
   868 | D:2      | Reached XP level 5. HP: 30/41 MP: 5/5
  1511 | D:3      | You fall into a shaft and drop 2 floors!
  1511 | D:5      | Entered Level 5 of the Dungeon
  1511 | D:5      | Found a staircase to the Ecumenical Temple.
  1515 | Temple   | Entered the Ecumenical Temple
  1615 | Temple   | Became a worshipper of Warmaster Okawaru
  1665 | D:5      | Noticed an ogre
  1675 | D:5      | Killed an ogre
  1675 | D:5      | Reached skill level 6 in Axes
  1675 | D:5      | Reached XP level 6. HP: 47/47 MP: 6/6
  1740 | D:5      | Found a glowing drain.
  1761 | Sewer    | Entered a sewer
  1828 | Sewer    | Reached * piety under Okawaru
  1854 | Sewer    | Reached XP level 7. HP: 33/52 MP: 7/7
  1857 | Sewer    | Reached skill level 7 in Axes
  2216 | Sewer    | HP: 2/52 [river rat (6)]
  2506 | Sewer    | Reached skill level 8 in Axes
  2782 | D:5      | Found a bloodstained altar of Trog.
  2957 | D:4      | Reached XP level 8. HP: 18/58 MP: 8/8
  3312 | D:4      | Found Udataige's Gadget Shop.
  3346 | D:4      | Reached skill level 9 in Axes
  3400 | D:4      | Killed from afar by an orc priest

Levels and vault maps discovered:
D:1:      wheals_arrival_shading, layout_basic, serial_curves, eino_curves_04,
          eino_curves_03
D:2:      layout_loops_ring, first_ration, uniq_natasha
D:3:      minmay_spotlight, layout_basic, grunt_temple_overflow_open,
          st_stairs_6, hangedman_glass_teeth
D:4:      layout_gridville, serial_shops, nicolae_shop_behind_doors,
          chequers_serial_rivers_micro_b
D:5:      layout_basic, minmay_temple_entry_sparse_star, basic_altar,
          gup_sewer_entry_pipe, trog_three_pillars_becter
Temple:   regret_index_temple_sphere_string

Skill      XL: |  1  2  3  4  5  6  7  8 |
---------------+-------------------------+-----
Axes           | 3 4 5 6 8 9 |  9.4
Fighting       | |  3.2
Armour         | |  3.2
Shields        | |  3.6

Action                   |  1- 3 |  4- 6 |  7- 9 || total
-------------------------+-------+-------+-------++-------
Melee: War axe           |    77 |   192 |   148 ||   417
Invok: Heroism           |       |       |     1 ||     1
  Use: Scroll            |       |     2 |     4 ||     6
       Potion            |       |       |    10 ||    10
  Eat: Chunk             |       |     4 |     4 ||     8
Armor: Scale mail        |    41 |    75 |    15 ||   131
       Ring mail         |       |       |    58 ||    58
Dodge: Dodged            |    26 |    67 |    97 ||   190
Block: Shield            |    44 |   112 |   106 ||   262
